[ AOE2 MATCH · #506486004 ]
UnrankedBerbers vs Mongols
Player's team · WIN
Rival team · LOSS
[ REPLAY ANALYSIS · EXTRACTED FROM THE RECORDED GAME ]
Feudal
8:54
Castle
21:19
Imperial
40:11
| APM avg | 76.0 |
| APM peak | 112 |
| eAPM avg | 30.2 |
| Villagers / military | 179 / 185 |
Focus
⚔️ 49.6% · 🌾 50.4%
Camel Scout ×72 · Camel Archer ×52 · Genitour ×30 · Scout Cavalry ×9 · Trebuchet (Packed) ×8 · Cavalry Archer ×4
Feudal
8:25
Castle
21:08
Imperial
40:46
| APM avg | 74.5 |
| APM peak | 137 |
| eAPM avg | 27.8 |
| Villagers / military | 182 / 161 |
Focus
⚔️ 33.1% · 🌾 66.9%
Camel Scout ×124 · Cavalry Archer ×14 · Scout Cavalry ×10 · Trebuchet (Packed) ×4 · Mangonel ×3 · Monk ×2
Match map
Initial resources + every placement click. Lines = walls · curves = elevation contours. ◆ gold · ⬟ stone · ● berries · ✦ relic · ◌ wall gap
Your base· Open — opponent sealed themselves in
j1nkerS's base· ✓ Closed at 21:08 · 71t walls · no gate
Smoothed initial terrain · ◌ = detected wall gap · hover for details
Inputs per minute
— Fabrizio 094455 - - j1nkerS
Build order — Fabrizio 094455
First 150 of 597 actions detected
| 0:01 | Create | Villager (Male) |
| 0:01 | Create | Villager (Male) |
| 0:01 | Create | Villager (Male) |
| 0:02 | Build | House |
| 0:03 | Build | House |
| 0:05 | Create | Villager (Male) |
| 0:05 | Create | Villager (Male) |
| 1:23 | Create | Villager (Male) |
| 1:23 | Create | Villager (Male) |
| 2:00 | Build | Lumber Camp |
| 2:09 | Create | Villager (Male) |
| 2:09 | Create | Villager (Male) |
| 2:24 | Create | Villager (Male) |
| 2:24 | Create | Villager (Male) |
| 2:43 | Create | Villager (Male) |
| 2:43 | Create | Villager (Male) |
| 3:11 | Create | Villager (Male) |
| 3:27 | Create | Villager (Male) |
| 3:50 | Build | House |
| 4:09 | Create | Villager (Male) |
| 4:25 | Create | Villager (Male) |
| 4:31 | Create | Villager (Male) |
| 4:31 | Create | Villager (Male) |
| 4:33 | Build | Palisade Wall |
| 4:44 | Build | Mill |
| 4:52 | Create | Villager (Male) |
| 5:16 | Create | Villager (Male) |
| 5:22 | Create | Villager (Male) |
| 5:34 | Research | Loom |
| 6:44 | Research | Feudal Age |
| 6:44 | Research | Feudal Age |
| 7:14 | Create | Villager (Male) |
| 7:31 | Build | Palisade Gate |
| 7:38 | Create | Villager (Male) |
| 7:44 | Build | Barracks |
| 8:18 | Build | House |
| 8:53 | Create | Villager (Male) |
| 8:54 | Age | Feudal Age |
| 8:59 | Build | Stable |
| 9:04 | Research | Double-Bit Axe |
| 9:04 | Research | Double-Bit Axe |
| 9:23 | Build | House |
| 9:38 | Create | Villager (Male) |
| 10:00 | Create | Villager (Male) |
| 10:07 | Create | Scout Cavalry |
| 10:25 | Create | Scout Cavalry |
| 10:28 | Create | Spearman |
| 10:34 | Build | Farm |
| 10:38 | Build | House |
| 10:42 | Create | Villager (Male) |
| 10:42 | Create | Villager (Male) |
| 11:07 | Create | Villager (Male) |
| 11:07 | Create | Villager (Male) |
| 11:23 | Create | Scout Cavalry |
| 11:40 | Create | Villager (Male) |
| 11:40 | Create | Villager (Male) |
| 11:43 | Build | Farm |
| 11:44 | Build | Farm |
| 11:45 | Build | Farm |
| 11:46 | Build | Farm |
| 12:02 | Build | House |
| 12:07 | Create | Scout Cavalry |
| 12:15 | Build | Palisade Wall |
| 12:16 | Build | Palisade Wall |
| 12:18 | Build | Palisade Wall |
| 12:34 | Build | Palisade Wall |
| 12:36 | Build | Palisade Wall |
| 12:49 | Create | Scout Cavalry |
| 12:58 | Create | Villager (Male) |
| 13:01 | Build | Farm |
| 13:01 | Build | Farm |
| 13:02 | Build | Farm |
| 13:13 | Build | House |
| 13:16 | Build | Palisade Wall |
| 13:21 | Create | Villager (Male) |
| 13:21 | Create | Villager (Male) |
| 13:27 | Create | Villager (Male) |
| 13:38 | Build | Farm |
| 14:04 | Create | Scout Cavalry |
| 14:17 | Create | Villager (Male) |
| 14:27 | Build | Farm |
| 14:28 | Build | Farm |
| 14:34 | Create | Villager (Male) |
| 14:34 | Create | Villager (Male) |
| 14:37 | Build | Market |
| 14:55 | Create | Scout Cavalry |
| 14:57 | Build | Farm |
| 15:00 | Create | Villager (Male) |
| 15:03 | Create | Villager (Male) |
| 15:14 | Build | Palisade Wall |
| 15:15 | Build | Palisade Wall |
| 15:22 | Build | Farm |
| 15:24 | Create | Villager (Male) |
| 15:29 | Build | Farm |
| 15:42 | Create | Scout Cavalry |
| 15:42 | Create | Scout Cavalry |
| 15:49 | Create | Villager (Male) |
| 16:00 | Build | Palisade Wall |
| 16:08 | Build | Farm |
| 16:09 | Create | Villager (Male) |
| 16:26 | Build | Mining Camp |
| 16:31 | Build | House |
| 16:35 | Build | House |
| 17:09 | Create | Villager (Male) |
| 17:17 | Build | Palisade Gate |
| 17:20 | Build | House |
| 17:22 | Build | Palisade Wall |
| 17:49 | Create | Villager (Male) |
| 17:49 | Create | Villager (Male) |
| 18:29 | Research | Castle Age |
| 18:35 | Build | House |
| 18:51 | Build | Lumber Camp |
| 18:57 | Build | Farm |
| 19:21 | Build | House |
| 19:29 | Build | Stable |
| 19:31 | Research | Bloodlines |
| 19:31 | Research | Bloodlines |
| 19:42 | Research | Horse Collar |
| 19:42 | Research | Horse Collar |
| 19:50 | Build | House |
| 20:04 | Build | Blacksmith |
| 20:39 | Build | House |
| 20:53 | Create | Villager (Male) |
| 20:56 | Build | Farm |
| 21:08 | Create | Villager (Male) |
| 21:10 | Build | House |
| 21:12 | Create | Villager (Male) |
| 21:18 | Research | Fletching |
| 21:19 | Age | Castle Age |
| 21:26 | Create | Villager (Male) |
| 21:31 | Build | Town Center |
| 21:41 | Build | Archery Range |
| 21:46 | Build | House |
| 21:47 | Build | House |
| 21:56 | Create | Villager (Male) |
| 22:19 | Research | Husbandry |
| 22:22 | Research | Padded Archer Armor |
| 22:24 | Create | Villager (Male) |
| 22:40 | Build | Farm |
| 22:40 | Build | Farm |
| 22:46 | Create | Genitour |
| 22:49 | Create | Genitour |
| 22:50 | Create | Villager (Male) |
| 22:58 | Create | Villager (Male) |
| 23:08 | Create | Genitour |
| 23:09 | Create | Villager (Male) |
| 23:24 | Build | Archery Range |
| 23:30 | Create | Villager (Male) |
| 23:37 | Create | Genitour |
| 23:50 | Build | Lumber Camp |
Build order — j1nkerS
First 150 of 581 actions detected
| 0:00 | Create | Villager (Male) |
| 0:00 | Create | Villager (Male) |
| 0:01 | Create | Villager (Male) |
| 0:01 | Create | Villager (Male) |
| 0:02 | Build | House |
| 0:04 | Build | House |
| 1:23 | Create | Villager (Male) |
| 1:24 | Create | Villager (Male) |
| 2:00 | Create | Villager (Male) |
| 2:00 | Create | Villager (Male) |
| 2:13 | Create | Villager (Male) |
| 2:13 | Create | Villager (Male) |
| 2:31 | Build | Lumber Camp |
| 2:55 | Create | Villager (Male) |
| 2:58 | Create | Villager (Male) |
| 2:59 | Create | Villager (Male) |
| 3:32 | Build | House |
| 3:35 | Build | House |
| 3:45 | Create | Villager (Male) |
| 3:46 | Create | Villager (Male) |
| 3:50 | Create | Villager (Male) |
| 3:50 | Create | Villager (Male) |
| 3:51 | Create | Villager (Male) |
| 4:18 | Create | Villager (Male) |
| 4:18 | Create | Villager (Male) |
| 4:30 | Build | House |
| 4:36 | Build | Mill |
| 4:40 | Create | Villager (Male) |
| 4:40 | Create | Villager (Male) |
| 6:12 | Research | Feudal Age |
| 6:13 | Research | Feudal Age |
| 6:31 | Build | Lumber Camp |
| 7:52 | Build | Barracks |
| 8:25 | Age | Feudal Age |
| 8:26 | Research | Double-Bit Axe |
| 8:27 | Create | Villager (Male) |
| 8:28 | Build | House |
| 8:28 | Create | Villager (Male) |
| 8:35 | Build | Mining Camp |
| 8:44 | Build | Stable |
| 8:55 | Research | Loom |
| 9:18 | Create | Villager (Male) |
| 9:24 | Build | Palisade Wall |
| 9:25 | Build | Palisade Wall |
| 9:28 | Create | Scout Cavalry |
| 9:32 | Build | House |
| 9:33 | Build | Palisade Wall |
| 9:36 | Create | Villager (Male) |
| 9:45 | Create | Scout Cavalry |
| 9:50 | Build | Mill |
| 9:54 | Create | Scout Cavalry |
| 10:02 | Build | House |
| 10:02 | Build | Palisade Wall |
| 10:06 | Build | Palisade Wall |
| 10:10 | Build | Palisade Wall |
| 10:19 | Build | Palisade Wall |
| 10:26 | Build | House |
| 10:30 | Build | Palisade Wall |
| 10:32 | Create | Scout Cavalry |
| 10:33 | Create | Villager (Male) |
| 10:48 | Build | Palisade Wall |
| 10:50 | Build | Palisade Wall |
| 10:55 | Create | Villager (Male) |
| 10:55 | Create | Villager (Male) |
| 11:06 | Build | Farm |
| 11:14 | Build | House |
| 11:15 | Build | Palisade Wall |
| 11:28 | Build | House |
| 11:31 | Create | Villager (Male) |
| 11:49 | Build | Farm |
| 11:50 | Build | Farm |
| 11:54 | Create | Villager (Male) |
| 11:54 | Create | Villager (Male) |
| 12:00 | Research | Horse Collar |
| 12:00 | Research | Horse Collar |
| 12:26 | Build | Farm |
| 12:28 | Create | Villager (Male) |
| 12:28 | Create | Villager (Male) |
| 12:30 | Build | Farm |
| 12:46 | Build | House |
| 12:48 | Build | Palisade Wall |
| 12:52 | Build | Palisade Wall |
| 12:54 | Build | Palisade Wall |
| 12:55 | Create | Villager (Male) |
| 12:55 | Create | Villager (Male) |
| 12:58 | Build | Palisade Wall |
| 13:00 | Build | Palisade Wall |
| 13:01 | Build | Palisade Wall |
| 13:02 | Build | Palisade Wall |
| 13:05 | Create | Spearman |
| 13:10 | Create | Spearman |
| 13:18 | Create | Villager (Male) |
| 13:22 | Build | House |
| 13:27 | Build | Palisade Wall |
| 13:28 | Build | Palisade Wall |
| 13:28 | Build | Palisade Wall |
| 13:48 | Build | House |
| 13:54 | Create | Villager (Male) |
| 13:55 | Create | Scout Cavalry |
| 14:05 | Build | Farm |
| 14:05 | Build | Farm |
| 14:05 | Build | Farm |
| 14:05 | Build | Farm |
| 14:05 | Build | Farm |
| 14:22 | Create | Villager (Male) |
| 14:22 | Create | Villager (Male) |
| 14:38 | Create | Villager (Male) |
| 14:40 | Create | Villager (Male) |
| 14:42 | Build | Farm |
| 14:57 | Build | Farm |
| 14:59 | Build | Palisade Wall |
| 15:18 | Build | Farm |
| 15:20 | Build | Farm |
| 15:27 | Create | Villager (Male) |
| 15:30 | Build | Farm |
| 15:31 | Create | Villager (Male) |
| 15:32 | Build | Farm |
| 15:51 | Create | Villager (Male) |
| 16:11 | Build | Mining Camp |
| 16:22 | Build | Farm |
| 16:32 | Build | Palisade Wall |
| 16:42 | Create | Villager (Male) |
| 16:51 | Build | Farm |
| 17:23 | Create | Villager (Male) |
| 17:39 | Build | Blacksmith |
| 17:44 | Create | Villager (Male) |
| 18:28 | Research | Castle Age |
| 18:52 | Research | Gold Mining |
| 19:39 | Research | Fletching |
| 20:16 | Build | Archery Range |
| 20:17 | Build | Archery Range |
| 20:19 | Build | Archery Range |
| 20:39 | Build | Palisade Wall |
| 20:48 | Build | House |
| 20:50 | Build | House |
| 20:52 | Build | House |
| 21:08 | Age | Castle Age |
| 21:13 | Create | Villager (Male) |
| 21:13 | Create | Villager (Male) |
| 21:15 | Research | Bow Saw |
| 21:20 | Create | Cavalry Archer |
| 21:20 | Create | Cavalry Archer |
| 21:20 | Create | Cavalry Archer |
| 21:26 | Research | Bodkin Arrow |
| 21:37 | Research | Heavy Plow |
| 21:49 | Research | Wheelbarrow |
| 22:03 | Create | Cavalry Archer |
| 22:03 | Create | Cavalry Archer |
| 22:04 | Create | Cavalry Archer |
| 22:11 | Create | Cavalry Archer |
Match timeline
| 4:33 | Fabrizio 094455 · wall_segment Palisade Wall x1 |
| 7:44 | Fabrizio 094455 · first_building Barracks |
| 7:52 | j1nkerS · first_building Barracks |
| 8:25 | j1nkerS · age_up feudal |
| 8:44 | j1nkerS · first_building Stable |
| 8:54 | Fabrizio 094455 · age_up feudal |
| 8:59 | Fabrizio 094455 · first_building Stable |
| 9:24 | j1nkerS · wall_segment Palisade Wall x3 |
| 9:25 | j1nkerS · wall_segment Palisade Wall x2 |
| 9:33 | j1nkerS · wall_segment Palisade Wall x4 |
| 10:02 | j1nkerS · wall_segment Palisade Wall x1 |
| 10:06 | j1nkerS · wall_segment Palisade Wall x12 |
| 10:10 | j1nkerS · wall_segment Palisade Wall x10 |
| 10:19 | j1nkerS · wall_segment Palisade Wall x4 |
| 10:30 | j1nkerS · wall_segment Palisade Wall x7 |
| 10:48 | j1nkerS · wall_segment Palisade Wall x3 |
| 10:50 | j1nkerS · wall_segment Palisade Wall x4 |
| 11:15 | j1nkerS · wall_segment Palisade Wall x10 |
| 12:15 | Fabrizio 094455 · wall_segment Palisade Wall x1 |
| 12:16 | Fabrizio 094455 · wall_segment Palisade Wall x1 |
| 12:18 | Fabrizio 094455 · wall_segment Palisade Wall x1 |
| 12:34 | Fabrizio 094455 · wall_segment Palisade Wall x2 |
| 12:36 | Fabrizio 094455 · wall_segment Palisade Wall x1 |
| 12:48 | j1nkerS · wall_segment Palisade Wall x1 |
| 12:52 | j1nkerS · wall_segment Palisade Wall x1 |
| 12:54 | j1nkerS · wall_segment Palisade Wall x1 |
| 12:58 | j1nkerS · wall_segment Palisade Wall x1 |
| 13:00 | j1nkerS · wall_segment Palisade Wall x1 |
| 13:01 | j1nkerS · wall_segment Palisade Wall x1 |
| 13:02 | j1nkerS · wall_segment Palisade Wall x1 |
| 13:16 | Fabrizio 094455 · wall_segment Palisade Wall x1 |
| 13:27 | j1nkerS · wall_segment Palisade Wall x1 |
| 13:28 | j1nkerS · wall_segment Palisade Wall x1 |
| 13:28 | j1nkerS · wall_segment Palisade Wall x1 |
| 14:59 | j1nkerS · wall_segment Palisade Wall x1 |
| 15:14 | Fabrizio 094455 · wall_segment Palisade Wall x1 |
| 15:15 | Fabrizio 094455 · wall_segment Palisade Wall x6 |
| 16:00 | Fabrizio 094455 · wall_segment Palisade Wall x13 |
| 16:32 | j1nkerS · wall_segment Palisade Wall x1 |
| 17:22 | Fabrizio 094455 · wall_segment Palisade Wall x1 |
| 20:16 | j1nkerS · first_building Archery Range |
| 20:39 | j1nkerS · wall_segment Palisade Wall x1 |
| 21:08 | j1nkerS · age_up castle |
| 21:19 | Fabrizio 094455 · age_up castle |
| 21:20 | Fabrizio 094455 · first_market_buy 100 wood |
| 21:37 | Fabrizio 094455 · first_market_sell 100 food |
| 21:41 | Fabrizio 094455 · first_building Archery Range |
| 24:00 | j1nkerS · first_building Siege Workshop |
| 25:07 | Fabrizio 094455 · first_building Siege Workshop |
| 25:25 | j1nkerS · first_building Monastery |
| 29:34 | Fabrizio 094455 · first_building Castle |
| 30:15 | Fabrizio 094455 · first_building Monastery |
| 39:19 | j1nkerS · first_building Castle |
| 40:11 | Fabrizio 094455 · age_up imperial |
| 40:46 | j1nkerS · age_up imperial |
| 47:25 | j1nkerS · first_market_sell 100 food |
| 49:59 | j1nkerS · resign |
[ AI ANALYSIS · 1 CREDIT ]
What really happened in this match?
Wolo.gg analyzes every decision: build order, eco, micro, common mistakes by bracket. Personalized analysis on WhatsApp or Discord in 30 seconds.
Civ guide
Berbers
Perfil
Fabrizio 094455